 Dungeon Crawl Stone Soup version 0.30-a0-824-g6c64550be9 (webtiles) character file.

Game seed: 796811388181536976

30 qeuew the Trooper (level 3, 29/29 HPs)
             Began as a Demonspawn Monk on Feb 27, 2023.
             Quit the game on level 1 of the Dungeon.
             The game lasted 00:01:03 (989 turns).

qeuew the Trooper (Demonspawn Monk)                  Turns: 989, Time: 00:01:04

Health: 29/29      AC:  3    Str: 11    XL:     3   Next: 3%
Magic:  3/3        EV: 13    Int: 11    God:
Gold:   11         SH:  0    Dex: 17    Spells: 2/2 levels left

rFire   . . .      SeeInvis .    a - +0 falchion
rCold   . . .      Faith    .    (no shield)
rNeg    . . .      Spirit   .    b - +0 robe
rPois   .          Reflect  .    (no helmet)
rElec   .          Harm     .    (no cloak)
rCorr   .          Rampage  .    (no gloves)
Will    .....                    (no boots)
Stlth   ++                       (no amulet)
HPRegen 0.24/turn                (no ring)
MPRegen 0.08/turn                (no ring)

@: no status effects
A: claws 1, sharp scales 1
a: no special abilities


You were on level 1 of the Dungeon.
You visited 1 branch of the dungeon, and saw 1 of its levels.

You collected 11 gold pieces.

Inventory:

Hand Weapons
 a - a +0 falchion (weapon)
Armour
 b - a +0 robe (worn)
Jewellery
 g - a ring of magical power
Scrolls
 d - a scroll of enchant weapon {unknown}
 e - a scroll of silence {unknown}
 f - 2 scrolls of identify {unknown}
 h - a scroll of immolation {unknown}
Potions
 c - a potion of ambrosia
 i - a potion of curing {unknown}


   Skills:
 + Level 3.2 Fighting
 * Level 3.1 Long Blades
 * Level 1.2 Armour
 + Level 2.9 Dodging
 - Level 1.7 Stealth


You had 2 spell levels left.
You didn't know any spells.
Your spell library was empty.

Dungeon Overview and Level Annotations

Branches:
Dungeon (1/15)

Altars:


Innate Abilities, Weirdness & Mutations

You have sharp fingernails.
You are partially covered in razor-sharp scales. (AC +1, Slay +1)


Message History

A goblin is nearby!
The goblin hits you with a +0 club.
You hit the goblin.
You kill the goblin!
You have reached level 3!
Your experience leads to an increase in your attributes!
Increase (S)trength, (I)ntelligence, or (D)exterity?
You feel agile. x2; Your demonic ancestry asserts itself...
Your fingernails lengthen.
No target in view!
You see here a +0 club.
You see here a +0 club.
A rat comes into view.
A rat is nearby!
The rat barely misses you.
You barely miss the rat. The rat misses you.
You slash the rat!
You kill the rat!
No target in view!
No target in view!
No target in view!
No target in view!
No target in view!
No target in view!
No target in view!
No target in view!
Done exploring.
Done exploring.
Done exploring.
No target in view!
No target in view!
No target in view!
No target in view!
No target in view!
No target in view!
Done exploring.
Done exploring.
Done exploring.
No target in view!
Are you sure you want to abandon this character and quit the game? (Confirm with "yes".)

### #.#######
#.......# #.#####.#
#.#.@.#.# #.#.#.#.#
#####.#.#.#.#
####.....#.#.#.#
######........#.#.#.#
.)............#.#.#.#
######..(..##.#.#.#.#
# #.....##.#.#.#.# #
#.....##.#.#.#.#


There were no monsters in sight!

Vanquished Creatures
  2 ball pythons (D:1)
  An endoplasm (D:1)
  2 giant cockroaches (D:1)
  4 goblins (D:1)
  2 hobgoblins (D:1)
  8 jackals (D:1)
  A quokka (D:1)
  A frilled lizard (D:1)
  A kobold (D:1)
  2 rats (D:1)
24 creatures vanquished.

Notes
Turn   | Place    | Note
-------+----------+-------------------------------------------
     0 | D:1      | qeuew the Demonspawn Monk began the quest for the Orb.
     0 | D:1      | Reached XP level 1. HP: 18/18 MP: 1/1
   196 | D:1      | Gained mutation: You are partially covered in razor-sharp
                  | scales. (AC +1, Slay +1) [demonic ancestry]
   196 | D:1      | Reached XP level 2. HP: 8/24 MP: 2/2
   284 | D:1      | Reached skill level 1 in Armour
   930 | D:1      | Gained mutation: You have sharp fingernails. [demonic
                  | ancestry]
   930 | D:1      | Reached XP level 3. HP: 28/29 MP: 3/3
   989 | D:1      | Quit the game

Illustrated notes

Levels and vault maps discovered:
D:1:      minmay_arrival_arboretum_small, layout_basic

Skill      XL: |  1  2 |
---------------+-------+-----
Long Blades    | 3 |  3.1
Armour         | 1 |  1.2
Fighting       | |  3.2
Dodging        | |  2.9
Stealth        | |  1.7

Action                     || total
---------------------------++-------
  Melee: Falchion          ||    72
         Punch             ||     1
   Stab: Sleeping          ||     2
 Armour: Robe              ||    14
  Dodge: Dodged            ||    59

Table legend: (Time is in decaauts)
 A = Elapsed time spent in this place.
 B = Non-inter-level travel time spent in this place.
 C = Inter-level travel time spent in this place.
 D = Time resting spent in this place.
 E = Time spent auto-exploring this place.
 F = Levels seen in this place.
 G = Mean time per level.
                   A        B        C        D        E       F      G
               +--------+--------+--------+--------+--------+-----+--------+
         Total |   1000 |   1000 |      0 |      0 |    839 |   1 | 1000.0 |
       Dungeon |   1000 |   1000 |      0 |      0 |    839 |   1 | 1000.0 |
               +--------+--------+--------+--------+--------+-----+--------+

Top non-repeatable levels by time:
     D:1: 1000 daAuts
